 Dungeon Crawl Stone Soup version 0.22-a0-412-g2b68d14 (webtiles) character file.

111 galech the Poker (level 4, -2/38 HPs)
             Began as a Gnoll Wanderer on May 12, 2018.
             Slain by Grinder (7 damage)
             ... while paralysed by Grinder
             ... on level 3 of the Dungeon.
             The game lasted 00:02:52 (1704 turns).

galech the Poker (Gnoll Wanderer)                   Turns: 1704, Time: 00:02:53

Health: -2/38      AC:  7    Str: 12    XL:     4   Next: 92%
Magic:  5/5        EV:  2    Int: 15    God:
Gold:   164        SH:  0    Dex: 17    Spells: 5/5 levels left

rFire    x . .     SeeInvis .   a - +2 spear
rCold    + . .     Gourm    .   (no shield)
rNeg     . . .     Faith    .   g - +0 ring mail (curse)
rPois    .         Spirit   .   (no helmet)
rElec    .         Reflect  .   (no cloak)
rCorr    .         Harm     .   i - +1 pair of gloves
MR       .....                  (no boots)
Stlth    ++........             (no amulet)
HPRegen  0.12/turn              l - ring of ice
MPRegen  0.09/turn              (no ring)

@: paralysed
A: distributed training, fangs 1, strong nose
a: no special abilities


You were on level 3 of the Dungeon.
You were hungry.

You visited 1 branch of the dungeon, and saw 3 of its levels.

You collected 164 gold pieces.

Inventory:

Hand Weapons
 a - a +2 spear (weapon)
Missiles
 o - 14 sling bullets
Armour
 d - a +0 robe
 g - a cursed +0 ring mail (worn)
 i - a +1 pair of gloves (worn)
Jewellery
 l - a ring of ice (left hand)
Wands
 u - a wand of digging (13)
Scrolls
 b - 2 scrolls of teleportation
 h - a scroll of blinking {unknown}
 j - 2 scrolls of identify {unknown}
 m - a scroll of remove curse {unknown}
 n - a scroll of enchant armour {unknown}
 q - 2 scrolls of fog {unknown}
 s - a scroll of fear {unknown}
 t - a scroll of immolation {unknown}
Potions
 c - a potion of curing
 e - a potion of mutation {unknown}
 k - a potion of resistance {unknown}
 p - a potion of degeneration {unknown}
 r - a potion of heal wounds {unknown}
Comestibles
 f - 10 rations
 v - 2 chunks of flesh


   Skills:
 + Level 4.7 Fighting
 + Level 2.8 Short Blades
 + Level 1.2 Long Blades
 + Level 1.2 Axes
 + Level 1.2 Maces & Flails
 + Level 6.6 Polearms
 + Level 1.2 Staves
 + Level 1.2 Slings
 + Level 1.2 Bows
 + Level 1.2 Crossbows
 + Level 2.8 Throwing
 + Level 1.2 Armour
 + Level 4.7 Dodging
 + Level 2.6 Stealth
 + Level 1.2 Shields
 + Level 1.2 Unarmed Combat
 + Level 1.2 Spellcasting
 + Level 1.0 Conjurations
 + Level 1.0 Hexes
 + Level 1.0 Charms
 + Level 1.0 Summonings
 + Level 1.0 Necromancy
 + Level 1.0 Translocations
 + Level 1.0 Transmutations
 + Level 1.0 Fire Magic
 + Level 1.0 Ice Magic
 + Level 1.0 Air Magic
 + Level 1.0 Earth Magic
 + Level 1.0 Poison Magic
 + Level 1.4 Invocations
 + Level 1.2 Evocations


You had 5 spell levels left.
You didn't know any spells.
Your spell library was empty.

Dungeon Overview and Level Annotations

Branches:
Dungeon (3/15)

Altars:
Ashenzari
Dithmenos
Elyvilon
Gozag

Annotations:
D:3 Grinder


Innate Abilities, Weirdness & Mutations

Your experience applies equally to all skills.
You have very sharp teeth.
Your uncanny sense of smell can sniff out nearby items.


Message History

You can move again.
Grinder gestures at you.
You barely resist. You hit Grinder. Your bite misses Grinder.
Grinder is moderately wounded.
Grinder blinks!
Grinder gestures at you.
You barely resist. You hit Grinder but do no damage.
Grinder is moderately wounded.
You hit Grinder.
Grinder is moderately wounded.
Grinder gestures at you.
You suddenly lose the ability to move!
Grinder hits you.
* * * LOW HITPOINT WARNING * * *
You writhe in agony.
* * * LOW HITPOINT WARNING * * *
Grinder hits you!
You die...

#.......###....#
#....#
#..^........#'##
#....#
#.......#####.#
###+## #.......#
###
##'###############
#.# #.........#
#.# #.........+
#.# #.........#
##.### #....5@...#
#....# #.........#
#....# #.........#
#....# #.........#
#....# #.........#
##'### #....)†...#
#.# ######.####
#.# #.# #.#
#.############


You could see Grinder.

Vanquished Creatures
  Ijyb (D:3)
  3 adders
  An ooze (D:2)
  2 worms (D:2)
  5 dart slugs
  A leopard gecko (D:1)
  A ball python (D:3)
  6 goblins
  6 hobgoblins
  9 bats
  3 kobolds
  4 rats (D:1)
42 creatures vanquished.

Notes
Turn   | Place    | Note
-------+----------+-------------------------------------------
     0 | D:1      | galech the Gnoll Wanderer began the quest for the Orb.
     0 | D:1      | galech set off with: a +2 spear, a scroll of teleportation, a potion of curing, a +0 robe, a ration
     0 | D:1      | Reached XP level 1. HP: 20/20 MP: 1/1
   182 | D:1      | Reached XP level 2. HP: 24/26 MP: 2/2
   354 | D:1      | Reached XP level 3. HP: 31/31 MP: 3/3
   814 | D:2      | Reached skill level 1 in Invocations
   866 | D:2      | Reached skill level 1 in Long Blades
   866 | D:2      | Reached skill level 1 in Axes
   866 | D:2      | Reached skill level 1 in Maces & Flails
   866 | D:2      | Reached skill level 1 in Staves
   866 | D:2      | Reached skill level 1 in Slings
   866 | D:2      | Reached skill level 1 in Bows
   866 | D:2      | Reached skill level 1 in Crossbows
   866 | D:2      | Reached skill level 1 in Armour
   866 | D:2      | Reached skill level 1 in Shields
   866 | D:2      | Reached skill level 1 in Unarmed Combat
   866 | D:2      | Reached skill level 1 in Spellcasting
   866 | D:2      | Reached skill level 1 in Evocations
   909 | D:2      | Reached XP level 4. HP: 29/38 MP: 5/5
  1172 | D:2      | Found an opulent altar of Gozag.
  1173 | D:2      | Found a shattered altar of Ashenzari.
  1341 | D:2      | Found a faded altar of an unknown god.
  1426 | D:2      | Found a white marble altar of Elyvilon.
  1429 | D:2      | Found a shadowy altar of Dithmenos.
  1497 | D:3      | Noticed Ijyb
  1526 | D:3      | Killed Ijyb
  1526 | D:3      | Reached skill level 1 in Conjurations
  1526 | D:3      | Reached skill level 1 in Hexes
  1526 | D:3      | Reached skill level 1 in Charms
  1526 | D:3      | Reached skill level 1 in Summonings
  1526 | D:3      | Reached skill level 1 in Necromancy
  1526 | D:3      | Reached skill level 1 in Translocations
  1526 | D:3      | Reached skill level 1 in Transmutations
  1526 | D:3      | Reached skill level 1 in Fire Magic
  1526 | D:3      | Reached skill level 1 in Ice Magic
  1526 | D:3      | Reached skill level 1 in Air Magic
  1526 | D:3      | Reached skill level 1 in Earth Magic
  1526 | D:3      | Reached skill level 1 in Poison Magic
  1661 | D:3      | Noticed Grinder
  1666 | D:3      | Paralysed by Grinder for 4 turns
  1692 | D:3      | Paralysed by Grinder for 4 turns
  1702 | D:3      | Paralysed by Grinder for 2 turns
  1704 | D:3      | Slain by Grinder

Vault maps used:
D:1:      dpeg_arrival_connections
D:2:      lemuel_upstairs_altar, grunt_temple_overflow_cloverleaf,
          chequers_ecumenical_altar_simple, dk_vineyard_1,
          guppyfry_early_lair_pool
D:3:      gup_sewer_entry_pipe, first_ration, uniq_terence, uniq_grinder,
          uniq_ijyb

Skill      XL: |  1  2  3  4 |
---------------+-------------+-----
Invocations    | 1 |  1.4
Long Blades    | 1 |  1.2
Axes           | 1 |  1.2
Maces & Flails | 1 |  1.2
Staves         | 1 |  1.2
Slings         | 1 |  1.2
Bows           | 1 |  1.2
Crossbows      | 1 |  1.2
Armour         | 1 |  1.2
Shields        | 1 |  1.2
Unarmed Combat | 1 |  1.2
Spellcasting   | 1 |  1.2
Evocations     | 1 |  1.2
Conjurations   | 1 |  1.0
Hexes          | 1 |  1.0
Charms         | 1 |  1.0
Summonings     | 1 |  1.0
Necromancy     | 1 |  1.0
Translocations | 1 |  1.0
Transmutations | 1 |  1.0
Fire Magic     | 1 |  1.0
Ice Magic      | 1 |  1.0
Air Magic      | 1 |  1.0
Earth Magic    | 1 |  1.0
Poison Magic   | 1 |  1.0
Fighting       | |  4.7
Short Blades   | |  2.8
Polearms       | |  6.6
Throwing       | |  2.8
Dodging        | |  4.7
Stealth        | |  2.6

Action                   |  1- 3 |  4- 6 || total
-------------------------+-------+-------++-------
Melee: Spear             |   100 |    80 ||   180
       Bite              |    12 |    11 ||    23
 Stab: Sleeping          |     8 |     1 ||     9
       Distracted        |     1 |       ||     1
  Eat: Chunk             |       |     2 ||     2
Armor: Robe              |     7 |       ||     7
       Ring mail         |     8 |    19 ||    27
Dodge: Dodged            |    37 |    21 ||    58

Table legend:
 A = Spawn XP
 B = Non-spawn XP
 C = Spawn XP percentage of total XP
 D = Spawn monster count
 E = Non-spawn monster count
 F = Spawn count percentage of total count
 G = Total turns spent on level
                    A         B        C        D         E        F      G
               +---------+---------+-------+---------+---------+-------+---------
         Total |       0 |     159 |   0.0 |       0 |      42 |   0.0 |  1704
               +---------+---------+-------+---------+---------+-------+---------
           D:1 |       0 |      44 |   0.0 |       0 |      22 |   0.0 |   752
           D:2 |       0 |      61 |   0.0 |       0 |      15 |   0.0 |   706
           D:3 |       0 |      54 |   0.0 |       0 |       5 |   0.0 |   246
               +---------+---------+-------+---------+---------+-------+---------
